 Dungeon Crawl Stone Soup version 0.19-a0-645-gfd18b6f (webtiles) character file.

106 FrankyJ the Ducker (level 4, -1/36 (37) HPs)
             Began as a Ghoul Warper on June 15, 2016.
             Slain by an orc
             ... wielding a +0 hand axe
              (2 damage)
             ... on level 3 of the Dungeon.
             The game lasted 00:05:47 (1914 turns).

FrankyJ the Ducker (Ghoul Warper)                   Turns: 1914, Time: 00:05:47

HP:   -1/36 (37)    AC:  4    Str: 14    XL:     4   Next: 84%
MP:   6/6           EV: 12    Int:  8    God:
Gold: 188           SH:  0    Dex:  9    Spells: 2 memorised, 4 levels left

rFire  . . .     SeeInvis .       - Unarmed
rCold  + . .     Gourm    .     a - +0 leather armour
rNeg   + + +     Faith    .     (no shield)
rPois  ∞         Spirit   .     (no helmet)
rElec  .         Dismiss  .     (no cloak)
rCorr  .         Reflect  .     r - +0 pair of gloves
SustAt .         Harm     .     (no boots)
MR     .....                    (no amulet)
Stlth  +.........               (no ring)
                                (no ring)

@: rotting, not resistant to hostile enchantments, very unstealthy
A: rotting body, claws 1, carnivore 3, cold resistance 1, negative energy
resistance 3, slow regeneration 1, torment resistance, unbreathing
a: no special abilities


You were on level 3 of the Dungeon.
You were not hungry.

You visited 1 branch of the dungeon, and saw 3 of its levels.

You collected 188 gold pieces.

Inventory:

Missiles
 d - 5 tomahawks of dispersal (quivered)
 j - a throwing net
Armour
 a - a +0 leather armour (worn)
 r - a +0 pair of gloves (worn)
Jewellery
 s - an uncursed ring of protection from magic {unknown}
Scrolls
 c - a scroll of blinking
 g - 3 scrolls of teleportation {unknown}
 i - 2 scrolls of identify {unknown}
 m - a scroll of magic mapping {unknown}
 o - a scroll of recharging {unknown}
 p - a scroll of remove curse {unknown}
Potions
 e - a potion of brilliance {unknown}
 h - a potion of invisibility {unknown}
 k - 2 potions of curing {unknown}
 l - a potion of haste {unknown}
 n - a potion of agility
 q - a potion of lignification {unknown}
 t - a potion of flight {unknown}
Books
 b - a book of Spatial Translocations

   Spells                             Type                      Level
   a - Apportation                    Translocation                1
   b - Blink                          Translocation                2
   c - Shroud of Golubria             Charms/Translocation         2
   d - Portal Projectile              Translocation                3
   e - Teleport Other                 Translocation                3
   f - Passage of Golubria            Translocation                4
Comestibles
 f - a meat ration


   Skills:
 + Level 2.3 Fighting
 - Level 1.1 Throwing
 - Level 1.0 Armour
 + Level 3.5 Dodging
 + Level 0.5 Stealth
 + Level 2.7 Unarmed Combat
 - Level 2.0 Spellcasting
 - Level 3.0 Translocations


You had 4 spell levels left.
You knew the following spells:

 Your Spells              Type           Power        Failure   Level  Hunger
a - Apportation           Tloc           #.........   14%         1    ##.....
b - Blink                 Tloc           N/A          21%         2    ###....


Dungeon Overview and Level Annotations

Branches:
Dungeon (3/15)

Altars:


Innate Abilities, Weirdness & Mutations

Your body is rotting away.
You thrive on raw meat.
You are immune to poison.
You have sharp fingernails.
You are carnivorous and can eat meat at any time.
Your flesh is cold resistant. (rC+)
You are immune to negative energy. (rN+++)
You regenerate slowly when monsters are visible.
You are immune to unholy pain and torment.
You can survive without breathing.


Message History

The orc is almost dead.
The orc hits you with a hand axe.
The orc priest casts a cantrip, but nothing happens.
You hit the orc but do no damage.
The orc is almost dead.
The orc closely misses you.
Eat which item? (? for menu, Esc to quit)
You don't have any such object.
Eat which item? (? for menu, Esc to quit)
You can't eat that!
Eat which item? (? for menu, Esc to quit)
The orc priest calls down the wrath of Beogh upon you.
Beogh smites you!
* * * LOW HITPOINT WARNING * * *
The orc closely misses you.
You continue eating.
The orc barely misses you.
You continue eating.
The orc hits you with a hand axe.
You die...

#.#.......#.#
#######'######
..#..#..#.#.# #.#
..#..#....#.# #.#
###..##.#.#.# #.#
.....##.#.#.# #.#
####.##.#.#.#########.#
#.##...#.........(.#
###.##################
#.............†@oo#
#.#.#############o#
#.#.............# #
#.#.###########.# #.#.#
#.# #.### #.#
#.#############.#
#...............#
#################


You could see an orc priest and 2 orcs.

Vanquished Creatures
  3 adders (D:3)
  2 oozes
  5 orcs (D:3)
  7 giant cockroaches
  5 goblins
  6 hobgoblins
  7 jackals
  9 kobolds
  A quokka (D:2)
  3 bats
  5 giant newts
  10 rats
63 creatures vanquished.

Notes
Turn   | Place    | Note
--------------------------------------------------------------
     0 | D:1      | FrankyJ the Ghoul Warper began the quest for the Orb.
     0 | D:1      | Reached XP level 1. HP: 17/17 MP: 2/2
    91 | D:1      | Reached XP level 2. HP: 11/24 MP: 3/3
    92 | D:1      | Reached skill level 1 in Throwing
   185 | D:1      | Reached skill level 1 in Armour
   707 | D:2      | Reached XP level 3. HP: 27/29 MP: 5/5
   893 | D:2      | Learned a level 2 spell: Blink
  1249 | D:3      | Reached XP level 4. HP: 27/35 MP: 6/6
  1912 | D:3      | HP: 1/36 [orc priest/divine providence (15)]
  1914 | D:3      | Slain by an orc

Vault maps used:
D:1:      dpeg_arrival_prison

Skill      XL: |  1  2  3 |
---------------+----------+-----
Dodging        | 2 3 |  3.5
Throwing       | 1 |  1.1
Armour         | 1 |  1.0
Spellcasting   | 2 |  2.0
Translocations | 3 |  3.0
Fighting       | |  2.3
Stealth        | |  0.5
Unarmed Combat | |  2.7

Action                   |  1- 3 |  4- 6 || total
-------------------------+-------+-------++-------
Melee: Unarmed           |   170 |    66 ||   236
       Punch             |     2 |     1 ||     3
  Eat: Chunk             |     7 |     7 ||    14
       Meat ration       |       |     1 ||     1
Armor: Leather armour    |    51 |    11 ||    62
Dodge: Dodged            |   103 |    39 ||   142
